 Dungeon Crawl Stone Soup version 0.27-a0-1186-g8b4daa1eef (webtiles) character file.

Game seed: 10273535145239960044

54 leviel the Poker (level 3, -8/31 HPs)
             Began as a Minotaur Fighter on May 20, 2021.
             Mangled by Sigmund
             ... wielding a +0 scythe
              (10 damage)
             ... on level 3 of the Dungeon.
             The game lasted 00:01:47 (2234 turns).

leviel the Poker (Minotaur Fighter)                 Turns: 2234, Time: 00:01:48

Health: -8/31      AC:  6    Str: 21    XL:     3   Next: 66%
Magic:  2/2        EV:  7    Int:  5    God:
Gold:   19         SH:  9    Dex:  9    Spells: 2/2 levels left

rFire    . . .     SeeInvis .   a - +0 trident
rCold    . . .     Faith    .   c - +0 kite shield
rNeg     . . .     Spirit   .   b - +0 scale mail
rPois    .         Reflect  .   (helmet restricted)
rElec    .         Harm     .   (no cloak)
rCorr    .         Rampage  .   (no gloves)
Will     .....                  (no boots)
Stlth    ..........             (no amulet)
HPRegen  0.10/turn              (no ring)
MPRegen  0.08/turn              (no ring)

@: mighty
A: horns 2, retaliatory headbutt
a: no special abilities


You were on level 3 of the Dungeon.
You visited 1 branch of the dungeon, and saw 3 of its levels.

You collected 19 gold pieces.

Inventory:

Hand Weapons
 a - a +0 trident (weapon)
Armour
 b - a +0 scale mail (worn)
 c - a +0 kite shield (worn)
Jewellery
 i - a ring of wizardry
Scrolls
 f - 2 scrolls of brand weapon {unknown}
 g - 2 scrolls of identify {unknown}
 k - 2 scrolls of fog {unknown}
Potions
 e - a potion of degeneration {unknown}
 h - a potion of mutation {unknown}
 j - a potion of attraction {unknown}
 l - a potion of heal wounds {unknown}


   Skills:
 - Level 3.6 Fighting
 * Level 5.0 Polearms
 - Level 3.6 Armour
 - Level 3.6 Shields


You had 2 spell levels left.
You didn't know any spells.
Your spell library was empty.

Dungeon Overview and Level Annotations

Branches:
Dungeon (3/15)

Altars:

Shops:
D:2 (

Annotations:
D:3 Sigmund


Innate Abilities, Weirdness & Mutations

You have a pair of horns on your head.
You reflexively headbutt those who attack you in melee.


Message History

You reach to attack!
You puncture Sigmund!
Sigmund is almost dead.
Sigmund gestures at himself while chanting.
Sigmund flickers and vanishes!
Deactivating autopickup; reactivate with Ctrl-A.
No target in view!
No target in view!
No target in view!
No target in view!
No target in view!
No target in view!
No target in view!
No target in view!
No target in view!
No target in view!
No target in view!
No target in view!
No target in view!
No target in view!
Something hits you.
You miss something. Your headbutt misses something.
You hear some strange, mumbled words.
You are confused.
Something hits you!
You barely miss something. Something hits you but does no damage.
You bump into the rock wall.
Something hits you.
* * * LOW HITPOINT WARNING * * *
You closely miss something. Something hits you but does no damage.
You miss something.
You hear some strange, mumbled words.
Something tries to affect you, but you resist.
You closely miss something.
You feel less confused.
You hear some strange, mumbled words.
A magic dart appears from out of thin air!
The magic dart hits you!
* * * LOW HITPOINT WARNING * * *
Something hits you but does no damage.
You miss something. Your headbutt misses something. Something hits you!
You die...

.......... .......#
.#.#### #....#.##
.#....# #.......#
......#
#######.......##......#
#..............#......#
#..............#......#
#...................#
##.............#@....#
..........#....#{....##
###########....#.?......
#.............#.
#.######........ #.
.....#... # ...#.#..#
##...# .# ...


There were no monsters in sight!

Vanquished Creatures
  3 adders
  A worm (D:2)
  2 ball pythons (D:1)
  4 bats
  3 endoplasms (D:2)
  4 goblins
  A hobgoblin (D:2)
  2 jackals (D:2)
  2 frilled lizards
  2 rats (D:2)
24 creatures vanquished.

Notes
Turn   | Place    | Note
-------+----------+-------------------------------------------
     0 | D:1      | leviel the Minotaur Fighter began the quest for the Orb.
     0 | D:1      | Reached XP level 1. HP: 19/19 MP: 0/0
   340 | D:1      | Reached skill level 3 in Polearms
   755 | D:1      | Reached XP level 2. HP: 26/26 MP: 1/1
   943 | D:2      | Reached skill level 4 in Polearms
  1036 | D:2      | Found a faded altar of an unknown god.
  1064 | D:2      | Reached XP level 3. HP: 22/31 MP: 2/2
  1274 | D:2      | Found Guwehamm's Weapon Shop.
  2212 | D:3      | Noticed Sigmund
  2223 | D:3      | Reached skill level 5 in Polearms
  2233 | D:3      | HP: 1/31 [something/magic dart (7)]
  2234 | D:3      | Mangled by Sigmund

Illustrated notes

Levels and vault maps discovered:
D:1:      dpeg_arrival_three_same_balls, layout_basic, corexii_leaking_fountain
D:2:      layout_basic, serial_shops, shop, chequers_ecumenical_altar_simple,
          grunt_ministairs_6
D:3:      layout_basic, serial_shops, shop, grunt_decor_clamped, uniq_sigmund,
          uniq_jessica, uniq_ijyb

Skill      XL: |  1  2  3 |
---------------+----------+-----
Polearms       | 3 4 5 |  5.0
Fighting       | |  3.6
Armour         | |  3.6
Shields        | |  3.6

Action                   || total
-------------------------++-------
Melee: Trident           ||    78
       Headbutt          ||     5
  Use: Potion            ||     1
Armor: Scale mail        ||    30
Dodge: Dodged            ||    17
Block: Kite shield       ||    26

Table legend: (Time is in decaauts)
 A = Elapsed time spent in this place.
 B = Non-inter-level travel time spent in this place.
 C = Inter-level travel time spent in this place.
 D = Time resting spent in this place.
 E = Time spent auto-exploring this place.
 F = Levels seen in this place.
 G = Mean time per level.
                   A        B        C        D        E       F      G
               +--------+--------+--------+--------+--------+-----+--------+
         Total |   2257 |   2168 |     89 |      0 |   2004 |   3 |  752.3 |
       Dungeon |   2257 |   2168 |     89 |      0 |   2004 |   3 |  752.3 |
               +--------+--------+--------+--------+--------+-----+--------+

Top non-repeatable levels by time:
     D:2: 1043 daAuts
     D:1: 845 daAuts
     D:3: 368 daAuts
